[Event "*** SCC Grand Prix: Titled Tuesday Blitz"]
[Site "Chess.com"]
[Date "2020.06.02"]
[Round "4"]
[White "almo64"]
[Black "ChessicallyInclined"]
[Result "1-0"]
[WhiteElo "2815"]
[BlackElo "2529"]
[TimeControl "180+1"]
[EndTime "10:39:32 PDT"]
[Termination "almo64 won on time"]

1. e4 c5 2. Nc3 Nc6 3. Bb5 Nd4 4. Bc4 Nf6 5. e5 d5 6. Bb3 Nxb3 7. axb3 Ng4 8. d4 g6 9. h3 Nh6 10. dxc5 e6 11. Nb5 Nf5 12. g4 Nh4 13. Nd6+ Bxd6 14.
cxd6 h5 15. g5 Nf5 16. Nf3 b6 17. Nd4 Nxd4 18. Qxd4 O-O 19. b4 Qd7 20. O-O Bb7 21. b3 Rac8 22. c3 Qc6 23. Rxa7 Ra8 24. b5 Qd7 25.
Rxa8 Rxa8 26. Qxb6 Ra2 27. Qc7 Qxc7 28. dxc7 Rc2 29.
Be3 Rxc3 30. b6 Rxb3 31. Ra1 Rc3 32. Ra7 d4 33. Rxb7 dxe3 34. fxe3 1-0

[Event "*** SCC Grand Prix: Titled Tuesday Blitz"]
[Site "Chess.com"]
[Date "2020.06.02"]
[Round "4"]
[White "alexsergeyev"]
[Black "novendrapriasmoro"]
[Result "0-1"]
[WhiteElo "2308"]
[BlackElo "2593"]
[TimeControl "180+1"]
[EndTime "10:39:32 PDT"]
[Termination "novendrapriasmoro won on time"]

1. d4 Nf6 2. c4 g6 3. Nc3 Bg7 4. Bg5 O-O 5. e3 d6 6. Nf3 c5 7. Be2 cxd4 8. exd4 h6 9. Bh4 Nc6 10. O-O g5 11. Bg3 Nh5 12. d5 Nxg3 13. hxg3 Ne5 14. Nd4 g4 15. Qd2 Bd7 16. Rad1 Rc8 17. b3 a6 18. a4 Qb6 19. Qf4 Ng6 20. Qe4 f5 21. Qe3 f4 22. gxf4 Rxf4 23. Qd3 Ne5 24. a5 Nxd3 25.
axb6 Nb4 26. Nc6 bxc6 27. Na4 c5 28. g3 Rd4 29. Rxd4 Bxd4 30. Kg2 Bxa4 31. bxa4 a5 32. Bxg4 Rb8 33. Rh1 Kg7 34. Re1 Bf6 35. Bd7 Rxb6 36. f4 Nd3 37. Re3 Rb2+ 38. Kf3 Ne1+ 39. Kg4 Nc2 40. Re2 Nb4 41. Re3 Kg6 0-1

[Event "*** SCC Grand Prix: Titled Tuesday Blitz"]
[Site "Chess.com"]
[Date "2020.06.02"]
[Round "4"]
[White "RobPeresian"]
[Black "Firegrizzly"]
[Result "0-1"]
[WhiteElo "2377"]
[BlackElo "2594"]
[TimeControl "180+1"]
[EndTime "10:39:32 PDT"]
[Termination "Firegrizzly won by resignation"]

1. Nf3 Nf6 2. c4 g6 3. Nc3 Bg7 4. e4 d6 5. d4 O-O 6. h3 Na6 7.
Bg5 h6 8. Be3 e5 9. d5 Nd7 10.
g4 Ndc5 11. Rg1 c6 12. h4 cxd5 13. cxd5 Bd7 14. h5 g5 15. Nd2 b5 16. f3 Rb8 17. a3 b4 18. axb4 Nxb4 19. Nc4 Nb3 20. Rxa7 Nd4 21. Rg2 Bc8 22. Be2 Ba6 23. Bg1 Nxe2 24.
Qxe2 Qc8 25. b3 Bf6 26. Kd2 Qd8 27. Qd1 Rc8 28. Qa1 Bxc4 29. bxc4 Rxc4 30. Qa5 Qxa5 31.
Rxa5 Rfc8 32. Ra3 Bd8 33. Be3 Ba5 34. Rxa5 Rxc3 35. Ke2 Rb3 36. Ra1 Rc2+ 37. Bd2 Rbb2 38. Kd1 Nd3 39. Re2 Nf4 40. Rf2 Kg7 41. Ra7 Nd3 42.
Re2 Nc5 43. Rc7 Kf8 44. Rg2 Ke8 45. Rf2 Kd8 46. Rc6 Kd7 47. Re2 Ra2 48. Rf2 Rcb2 49. Kc1 Nd3+ 50. Kd1 Nxf2+ 0-1

[Event "*** SCC Grand Prix: Titled Tuesday Blitz"]
[Site "Chess.com"]
[Date "2020.06.02"]
[Round "4"]
[White "SCIM"]
[Black "davigator"]
[Result "1-0"]
[WhiteElo "2500"]
[BlackElo "2312"]
[TimeControl "180+1"]
[EndTime "10:39:32 PDT"]
[Termination "SCIM won by resignation"]

1. d4 Nf6 2. c4 e6 3. g3 Bb4+ 4. Bd2 a5 5. Bg2 d5 6. Nc3 c6 7. Nf3 O-O 8. O-O Nbd7 9. Qc2 dxc4 10. e4 Nb6 11. e5 Nfd5 12. Ng5 g6 13. h4 Be7 14. Rad1 Nb4 15. Qe4 Nd3 16. b3 Nb4 17. Qg4 N4d5 18. Nce4 c3 19. Bc1 f5 20.
exf6 Nxf6 21. Nxf6+ Bxf6 22. Nxe6 Qd6 23. Rfe1 Nd5 24.
h5 Nc7 25. hxg6 Bxe6 26. Qh5 Qd7 27. Rxe6 Nxe6 28. Bh3 Rae8 29. Re1 Bxd4 30. Rxe6 Bxf2+ 31. Kh2 Qc7 32. Bf4 Bxg3+ 33. Bxg3 Rf2+ 34. Bg2 Rxg2+ 35. Kxg2 Qg7 36. Rxe8+ 1-0

[Event "*** SCC Grand Prix: Titled Tuesday Blitz"]
[Site "Chess.com"]
[Date "2020.06.02"]
[Round "4"]
[White "Alohamora11"]
[Black "annamaja"]
[Result "1-0"]
[WhiteElo "2410"]
[BlackElo "2186"]
[TimeControl "180+1"]
[EndTime "10:39:32 PDT"]
[Termination "Alohamora11 won on time"]

1. e4 e6 2. Nf3 d5 3. Nc3 Nf6 4. e5 Nfd7 5. d4 c5 6. dxc5 Bxc5 7. Bd3 Nc6 8. Bf4 Qb6 9. O-O Qxb2 10. Nb5 Bb6 11.
Nd6+ Ke7 12. Rb1 Qa3 13. Re1 Qc5 14. Be3 d4 15. Rb5 Qa3 16. Bg5+ f6 17. exf6+ Kxd6 18. fxg7 Rg8 19. Qe2 Nc5 20. Bf4+ Ke7 21. Ng5 Rxg7 22. Rxc5 Qxc5 23. Nxe6 Bxe6 24. Qxe6+ Kf8 25. Bd6+ Qxd6 26.
Qxd6+ Kg8 27. Re4 Rf8 28. Rh4 1-0

[Event "*** SCC Grand Prix: Titled Tuesday Blitz"]
[Site "Chess.com"]
[Date "2020.06.02"]
[Round "4"]
[White "AttilaTurzo"]
[Black "Drags95"]
[Result "0-1"]
[WhiteElo "2475"]
[BlackElo "2663"]
[TimeControl "180+1"]
[EndTime "10:39:33 PDT"]
[Termination "Drags95 won on time"]

1. e4 c5 2. Nf3 d6 3. d4 cxd4 4.
Nxd4 Nf6 5. Nc3 a6 6. Bg5 e6 7.
f4 h6 8. Bh4 Qb6 9. Nb3 Be7 10.
Bf2 Qc7 11. Qd2 b5 12. Bd3 Bb7 13. a3 Nbd7 14. O-O-O Nb6 15. Kb1 Nc4 16. Qe1 Rc8 17. Bxc4 bxc4 18. Nd4 d5 19. e5 Ne4 20. Bg3 Rb8 21.
Ka2 Ba8 22. Nxe4 dxe4 23. c3 Qa5 24. Qe2 O-O 25. f5 Bd5 26. f6 Bxa3 27. bxa3 Qxc3 28. Be1 Qd3 29. Qxd3 cxd3+ 30. Ka1 Rfc8 31. Bb4 Rc4 32. Nb3 Rcxb4 33. axb4 Bxb3 0-1

[Event "*** SCC Grand Prix: Titled Tuesday Blitz"]
[Site "Chess.com"]
[Date "2020.06.02"]
[Round "4"]
[White "Panterov"]
[Black "Parkas"]
[Result "0-1"]
[WhiteElo "2117"]
[BlackElo "2312"]
[TimeControl "180+1"]
[EndTime "10:39:33 PDT"]
[Termination "Parkas won on time"]

1. e4 g6 2. g3 Bg7 3. Bg2 c5 4. Ne2 Nc6 5. O-O d6 6. c3 e5 7. b3 Nge7 8. Bb2 h5 9. h4 Bg4 10. f3 Bd7 11. d4 cxd4 12. cxd4 O-O 13. dxe5 Nxe5 14. Nbc3 Bc6 15. Nd4 Rc8 16. Rc1 Bh6 17. Rc2 Qd7 18. Bc1 Bg7 19. Be3 d5 20. Nxc6 bxc6 21.
Bd4 Rfd8 22. Rd2 Qc7 23. f4 Ng4 24. Bxg7 Kxg7 25. exd5 Ne3 26. d6 Rxd6 27. Rxd6 Nxd1 28. Rfxd1 Nd5 29. Ne4 Qb6+ 30. Kh2 Qe3 31. Ng5 Rc7 0-1

[Event "*** SCC Grand Prix: Titled Tuesday Blitz"]
[Site "Chess.com"]
[Date "2020.06.02"]
[Round "4"]
[White "stoleriu"]
[Black "Justinz"]
[Result "1-0"]
[WhiteElo "2540"]
[BlackElo "2307"]
[TimeControl "180+1"]
[EndTime "10:39:34 PDT"]
[Termination "stoleriu won by resignation"]

1. e4 c5 2. Nf3 d6 3. Bb5+ Nd7 4. d4 cxd4 5. Qxd4 a6 6. Bxd7+ Bxd7 7. O-O e5 8. Qd3 Nf6 9. c4 Be6 10. Nc3 Rc8 11. b3 Be7 12. Rd1 h6 13. Ba3 Rc6 14.
Ne1 O-O 15. Nc2 Qc7 16. Nb4 Rc5 17. Nbd5 Nxd5 18. Nxd5 Bxd5 19. Bxc5 Qxc5 20. Qxd5 Qc7 21. Rac1 a5 22. Qb5 b6 23. a3 f5 24. b4 axb4 25. axb4 fxe4 26. Qd5+ Kh8 27. Qxe4 Rf4 28. Qe2 Qc6 29. f3 h5 30. Rd3 h4 31. Re3 h3 32. Re4 Rf8 33. g3 Ra8 34. Qf1 Kg8 35. Qxh3 d5 36. Rxe5 Bf6 37. Qe6+ Qxe6 38. Rxe6 dxc4 39.
Rxc4 Ra2 40. Rxb6 Kf7 41. Rb7+ Ke6 42. b5 Rb2 43. Rg4 Kd5 44. Rbxg7 Rxb5 45. R7g5+ 1-0

[Event "*** SCC Grand Prix: Titled Tuesday Blitz"]
[Site "Chess.com"]
[Date "2020.06.02"]
[Round "4"]
[White "LamaChampetre"]
[Black "Loiacono_Antonio"]
[Result "0-1"]
[WhiteElo "2186"]
[BlackElo "2417"]
[TimeControl "180+1"]
[EndTime "10:39:34 PDT"]
[Termination "Loiacono_Antonio won by resignation"]

1. d4 d5 2. c4 c6 3. Nf3 Nf6 4. e3 Bg4 5. Nc3 e6 6. Qb3 Qb6 7. Bd2 Nbd7 8. Be2 Be7 9. h3 Bh5 10. O-O-O Qxb3 11. axb3 O-O 12. Bd3 Bg6 13. Bxg6 hxg6 14.
g4 Nb6 15. Ne5 dxc4 16. bxc4 c5 17. h4 Rfd8 18. h5 gxh5 19. gxh5 cxd4 20. exd4 Rxd4 21.
h6 g6 22. h7+ Nxh7 23. Nxf7 Nxc4 24. Nh6+ Kg7 25. Be3 Rxd1+ 26. Nxd1 Nxe3 27. Nxe3 Nf6 28. Nhg4 Rh8 29. Rd1 Rd8 30. Rh1 Nxg4 31. Nxg4 Rd4 32.
Ne3 Bg5 33. Rh3 Re4 34. Kd2 Bxe3+ 35. fxe3 Rb4 36. Kc3 Rb6 37. e4 Kf6 38. Kd4 Rxb2 39. Rf3+ Kg7 40. Ke5 Rb6 41. Rd3 Kf7 42. Rd7+ Ke8 43.
Rh7 a5 44. Kf6 a4 45. Kxg6 a3 46. Rh1 a2 47. Ra1 Ra6 48. Kf6 Kd7 49. Ke5 Ra4 50. Kf6 b5 51. Rd1+ Kc6 52. Kxe6 a1=Q 0-1

[Event "*** SCC Grand Prix: Titled Tuesday Blitz"]
[Site "Chess.com"]
[Date "2020.06.02"]
[Round "4"]
[White "erlesfar"]
[Black "ecwinslow"]
[Result "0-1"]
[WhiteElo "2366"]
[BlackElo "2137"]
[TimeControl "180+1"]
[EndTime "10:39:34 PDT"]
[Termination "ecwinslow won by resignation"]

1. e4 c5 2. Nc3 d6 3. f4 g6 4. Nf3 Bg7 5. Bc4 Nc6 6. O-O e6 7.
d3 Nge7 8. f5 exf5 9. Qe1 h6 10.
Qh4 g5 11. Qh5 Ng6 12. exf5 Nge5 13. Nxe5 Nxe5 14. f6 Bxf6 15. Ne4 Be7 16. Rxf7 Nxf7 17. Qxf7+ Kd7 18. Be3 Qf8 19. Qd5 Kc7 20. d4 Qf5 21.
dxc5 Qxd5 22. Bxd5 dxc5 23. Re1 Bf5 24. c4 Bxe4 25. Bxe4 Bd6 26. Bf2 Rae8 27. g3 b6 28.
Kg2 Re7 29. b3 Rhe8 30. Kf3 g4+ 31. Kxg4 Rxe4+ 32. Rxe4 Rxe4+ 33. Kf3 Re5 34. Be3 a6 35. Bxh6 Rh5 36. h4 Rxh6 37. Kg4 Kd7 38. Kg5 Rh8 39. g4 Ke6 0-1

[Event "*** SCC Grand Prix: Titled Tuesday Blitz"]
[Site "Chess.com"]
[Date "2020.06.02"]
[Round "4"]
[White "Marty435"]
[Black "OK97"]
[Result "0-1"]
[WhiteElo "2433"]
[BlackElo "2761"]
[TimeControl "180+1"]
[EndTime "10:39:35 PDT"]
[Termination "OK97 won on time"]

1. d4 Nf6 2. Bg5 d5 3. Bxf6 gxf6 4. e3 c5 5. dxc5 Nc6 6. c3 e5 7. b4 a5 8. Bb5 Rg8 9. Kf1 axb4 10. cxb4 Rg4 11.
Nc3 d4 12. exd4 Rxd4 13. Qb1 Bd7 14. a3 b6 15. Nge2 bxc5 16. bxc5 Bxc5 17. Nxd4 Bxd4 18.
Qxh7 Bxc3 19. Rc1 Qa5 20. Qd3 Rd8 21. Rxc3 Nd4 22. Bxd7+ Rxd7 23. g3 Ke7 24. Qc4 Qa8 25.
Qc5+ Rd6 26. Qc7+ Rd7 27. Qc5+ Ke6 28. Qc4+ Kf5 29. Qd3+ Ke6 30. Qc4+ Kf5 31. g4+ Kf4 32. Rg1 Rb7 0-1

[Event "*** SCC Grand Prix: Titled Tuesday Blitz"]
[Site "Chess.com"]
[Date "2020.06.02"]
[Round "4"]
[White "Mr_Sinigami"]
[Black "kudesnik84"]
[Result "1-0"]
[WhiteElo "2598"]
[BlackElo "2375"]
[TimeControl "180+1"]
[EndTime "10:39:35 PDT"]
[Termination "Mr_Sinigami won by resignation"]

1. d4 g6 2. Nf3 Bg7 3. Bf4 d6 4. e3 Nd7 5. h3 Ngf6 6. Be2 O-O 7. O-O b6 8. a4 a6 9. c3 Ne4 10. Nfd2 Nxd2 11. Nxd2 Bb7 12. Bf3 Qc8 13. Re1 Re8 14. Bg3 e5 15. b4 a5 16. b5 d5 17.
Rc1 c5 18. bxc6 Bxc6 19. c4 Qb7 20. cxd5 Bxd5 21. e4 f5 22. exd5 e4 23. Be2 Kh8 24. Bb5 Qxd5 25. Bc6 Qxd4 26. Bxa8 Rxa8 27. Nxe4 fxe4 28.
Qxd4 Bxd4 29. Red1 Nc5 30. Rxd4 Nb3 31. Rc7 Nxd4 32.
Be5+ Kg8 33. Bxd4 b5 34. axb5 Rd8 35. b6 Rxd4 36. b7 Rb4 37. Rc8+ 1-0

[Event "*** SCC Grand Prix: Titled Tuesday Blitz"]
[Site "Chess.com"]
[Date "2020.06.02"]
[Round "4"]
[White "profofchess"]
[Black "MacDaddyMac"]
[Result "1-0"]
[WhiteElo "2450"]
[BlackElo "2270"]
[TimeControl "180+1"]
[EndTime "10:39:35 PDT"]
[Termination "profofchess won by resignation"]

1. e4 e6 2. d4 d5 3. Nc3 Nf6 4. Bg5 Be7 5. e5 Nfd7 6. h4 c5 7. Bxe7 Kxe7 8. dxc5 Nxe5 9. f4 Ned7 10. Nf3 Nc6 11. h5 h6 12. Qd2 Nxc5 13. O-O-O Qa5 14. Kb1 Ne4 15. Nxe4 dxe4 16. Qd6+ Kf6 17. Ne5 Nxe5 18. fxe5+ Qxe5 19. Qa3 b6 20. Be2 Qc5 21. Rdf1+ Ke7 22.
Qg3 Qg5 23. Qc7+ Bd7 24. Rxf7+ Kxf7 25. Qxd7+ Kg8 26. Qxe6+ Kh7 27. Qxe4+ g6 28. hxg6+ Qxg6 29. Qe7+ Qg7 30. Bd3+ Kg8 31. Bc4+ Kh7 32. Qe4+ Qg6 33. Qb7+ Qg7 34. Bd3+ Kg8 35. Qxa8+ Kf7 36. Rf1+ Ke6 37.
Qc6+ Ke5 38. Qc3+ 1-0

[Event "*** SCC Grand Prix: Titled Tuesday Blitz"]
[Site "Chess.com"]
[Date "2020.06.02"]
[Round "4"]
[White "GMTalks_Youtube"]
[Black "jerry_77"]
[Result "1-0"]
[WhiteElo "2684"]
[BlackElo "2485"]
[TimeControl "180+1"]
[EndTime "10:39:36 PDT"]
[Termination "GMTalks_Youtube won by resignation"]

1. d4 Nf6 2. c4 e6 3. Nc3 Bb4 4. e3 Bxc3+ 5. bxc3 b6 6. Bd3 Bb7 7. f3 Nh5 8. Nh3 f5 9. O-O O-O 10. Qe2 d5 11. Bd2 Nd7 12. e4 g6 13. Rae1 Ng7 14. Bg5 Qe8 15. exd5 exd5 16. Qd2 Qf7 17. Re7 Qxe7 18.
Bxe7 Rfe8 19. Bh4 a5 20. cxd5 Bxd5 21. c4 Bf7 22. Qh6 Nf8 23. Bf6 Nh5 24. g4 Nxf6 25. gxf5 Rad8 26. Qh4 Kg7 27. Kh1 Re3 28. Nf4 Rxd4 29. Nh5+ gxh5 30. Qxd4 Rxd3 31. Qxd3 N8d7 32. Qe3 Kf8 33. Re1 c5 34. Qh6+ Kg8 35. Rg1+ Bg6 36. fxg6 hxg6 37. Qxg6+ Kf8 38. Re1 a4 39. Re6 a3 40.
Rxf6+ Nxf6 1-0

[Event "*** SCC Grand Prix: Titled Tuesday Blitz"]
[Site "Chess.com"]
[Date "2020.06.02"]
[Round "4"]
[White "colegiodemadrid"]
[Black "manitodeplomo"]
[Result "0-1"]
[WhiteElo "2382"]
[BlackElo "2608"]
[TimeControl "180+1"]
[EndTime "10:39:36 PDT"]
[Termination "manitodeplomo won by resignation"]

1. e4 g6 2. d4 Bg7 3. Bc4 c5 4. Nf3 cxd4 5. Nxd4 Nc6 6. Be3 Nf6 7.
Nc3 d6 8. f3 Qb6 9. Nf5 Qxb2 10. Nxg7+ Kf8 11. Nd5 Nxd5 12. Qxd5 Ne5 13. O-O Qc3 14.
Bh6 Qxc4 15. Qd2 Kg8 16. Rab1 f6 17. Rb4 Qf7 18. Rfb1 Rb8 19. Qd4 b6 20. Qc3 e6 21.
a4 Qd7 22. a5 Nf7 23. axb6 axb6 24. Rxb6 Rxb6 25. Rxb6 Nxh6 26. Rb8 Kxg7 27. Qd4 e5 28. Qe3 Nf7 29. Ra8 Qc7 30. Ra7 Bb7 31. Qb3 Rb8 32. Kh1 Nd8 33. h4 h5 34. Qa4 Nc6 35. Qb3 Nxa7 36.
Qe6 Nc6 0-1

[Event "*** SCC Grand Prix: Titled Tuesday Blitz"]
[Site "Chess.com"]
[Date "2020.06.02"]
[Round "4"]
[White "Ginger_GM"]
[Black "BabyFacedAssasin"]
[Result "1-0"]
[WhiteElo "2595"]
[BlackElo "2321"]
[TimeControl "180+1"]
[EndTime "10:39:36 PDT"]
[Termination "Ginger_GM won by resignation"]

1. e4 e6 2. Qe2 Be7 3. f4 d5 4. d3 dxe4 5. dxe4 Nf6 6. e5 Nd5 7. Nf3 c5 8. Qf2 Nc6 9. c3 O-O 10. Be2 b6 11. O-O Bb7 12. Na3 a6 13. Nc2 Qc7 14. Qg3 f5 15. h4 Kh8 16. Ng5 Bxg5 17. hxg5 g6 18. Kf2 b5 19. Rh1 Rf7 20. Be3 Nce7 21.
Rh3 Nxe3 22. Nxe3 Nd5 23. Rah1 c4 24. Nxd5 Bxd5 25. Qe3 Rc8 26. a3 Qc5 27. Qxc5 Rxc5 28. R1h2 a5 29. Ke3 Be4 30. g4 Rd5 31. a4 fxg4 32.
Bxg4 Bf5 33. Bxf5 exf5 34. axb5 Rfd7 35. e6 Rd3+ 36. Kf2 Rd2+ 37. Kg3 R2d3+ 38. Kh4 Re7 39. Rxd3 cxd3 40. Rd2 Rxe6 41. Rxd3 Re4 42. Kg3 Re2 43. b3 Rb2 44. c4 Rc2 45. b6 Re2 46. Rd8+ Kg7 47.
Rd7+ 1-0

[Event "*** SCC Grand Prix: Titled Tuesday Blitz"]
[Site "Chess.com"]
[Date "2020.06.02"]
[Round "4"]
[White "saisree"]
[Black "Heineccius"]
[Result "1/2-1/2"]
[WhiteElo "2357"]
[BlackElo "2606"]
[TimeControl "180+1"]
[EndTime "10:39:36 PDT"]
[Termination "Game drawn by repetition"]

1. e4 c5 2. Nf3 e6 3. d4 cxd4 4. Nxd4 a6 5. Nc3 Qc7 6. Bd3 Nf6 7. O-O Bc5 8. Nb3 Be7 9. Be3 d6 10. a4 b6 11. f3 Nc6 12. Qe2 O-O 13. Qf2 Rb8 14. h3 d5 15. exd5 Nxd5 16. Nxd5 exd5 17. Nd4 Ne5 18. Qg3 Bd6 19. Bf4 Rd8 20. Rfe1 f6 21. Bf1 Nxf3+ 22. Qxf3 Bxf4 23. Bd3 Be5 24. c3 Qc5 25. b4 Bxd4+ 26. cxd4 Qxd4+ 27. Kh1 Rb7 28. Qh5 g6 29. Bxg6 hxg6 30. Qxg6+ Rg7 31. Re8+ Rxe8 32. Qxe8+ Kh7 33. Qh5+ Kg8 34. Qe8+ Kh7 35. Qh5+ Kg8 36. Qe8+ 1/2-1/2

[Event "*** SCC Grand Prix: Titled Tuesday Blitz"]
[Site "Chess.com"]
[Date "2020.06.02"]
[Round "4"]
[White "OnePeculiarConundrum"]
[Black "Poghosyan_Suren"]
[Result "0-1"]
[WhiteElo "2240"]
[BlackElo "2440"]
[TimeControl "180+1"]
[EndTime "10:39:36 PDT"]
[Termination "Poghosyan_Suren won by resignation"]

1. e4 e6 2. d4 d5 3. e5 c5 4. c3 Nc6 5. Nf3 Nh6 6. a3 Nf5 7. b4 cxd4 8. cxd4 Bd7 9. Nc3 Rc8 10. Na4 Ncxd4 11. Nxd4 Nxd4 12. Bd3 Qc7 13. O-O Qxe5 14. Bb2 Bd6 15. g3 f5 16. Kg2 Qf6 17. Nc5 Bxc5 18.
bxc5 e5 19. Bxd4 exd4 20. Re1+ Kf7 21. Qh5+ g6 22. Qf3 Kg7 23. Rac1 Rhe8 24. Rxe8 Rxe8 25. Kg1 Re4 26. Bxe4 dxe4 27. Qb3 Bc6 28. Rd1 d3 29. Qa2 Qd4 30. Qa1 Qxa1 31. Rxa1 Kf6 32. Kf1 Ke5 33. Ke1 Kd4 34. Kd2 g5 35. Rc1 f4 36. Re1 Kxc5 37. gxf4 gxf4 38. a4 Kd4 39. a5 b5 40. a6 b4 41. Rb1 e3+ 42. Ke1 d2+ 43. Kd1 Ba4+ 44.
Ke2 d1=Q+ 45. Rxd1+ Bxd1+ 46. Kxd1 exf2 0-1

[Event "*** SCC Grand Prix: Titled Tuesday Blitz"]
[Site "Chess.com"]
[Date "2020.06.02"]
[Round "4"]
[White "HunterBRR"]
[Black "Angel_Hranitel_37"]
[Result "0-1"]
[WhiteElo "2016"]
[BlackElo "2381"]
[TimeControl "180+1"]
[EndTime "10:39:37 PDT"]
[Termination "Angel_Hranitel_37 won on time"]

1. d4 Nf6 2. c4 g6 3. Nc3 Bg7 4. e4 d6 5. Be2 O-O 6. Nf3 e5 7. Be3 Nc6 8. d5 Ne7 9. Nd2 c5 10. dxc6 bxc6 11. Nb3 c5 12. Qd2 Nc6 13. Bg5 Nd4 14.
Nxd4 exd4 15. Nd5 Be6 16. O-O Nxe4 17. Bxd8 Nxd2 18. Rfd1 Rfxd8 19. Rxd2 Rab8 20. Rb1 Kf8 21. a3 Bh6 22. Rdd1 Bf5 23. Bd3 Be6 24. b4 Bxd5 25. cxd5 f5 26. Kf1 Re8 27. bxc5 dxc5 28. Rxb8 Rxb8 29.
Rb1 Rd8 30. Bc4 d3 31. Bxd3 Rxd5 32. Bc4 Rd7 33. Rb8+ Kg7 34. Rg8+ Kf6 0-1

[Event "*** SCC Grand Prix: Titled Tuesday Blitz"]
[Site "Chess.com"]
[Date "2020.06.02"]
[Round "4"]
[White "verdest"]
[Black "Xeniya2005"]
[Result "1-0"]
[WhiteElo "2588"]
[BlackElo "2300"]
[TimeControl "180+1"]
[EndTime "10:39:38 PDT"]
[Termination "verdest won by resignation"]

1. d4 Nf6 2. c4 b6 3. Nc3 Bb7 4. Qc2 d5 5. cxd5 Nxd5 6. Nf3 g6 7. e4 Nxc3 8. bxc3 Bg7 9. Bb5+ Nd7 10. O-O O-O 11.
Rd1 a6 12. Bd3 c5 13. Bf4 Rc8 14. Qe2 b5 15. a4 Qb6 16. axb5 a5 17. Rac1 cxd4 18.
cxd4 Rxc1 19. Bxc1 Rc8 20. Bb2 a4 21. d5 Bxb2 22.
Qxb2 Nc5 23. Bb1 Ba6 24. Nd4 Bb7 25. h3 Ra8 26. Qa3 Kf8 27. Bc2 Nd7 28. Nc6 Bxc6 29.
bxc6 Nc5 30. Rb1 Qa7 31. e5 Kg7 32. d6 exd6 33. exd6 Ne6 34. c7 Qa6 35. Qxa4 Qxa4 36. Bxa4 1-0

[Event "*** SCC Grand Prix: Titled Tuesday Blitz"]
[Site "Chess.com"]
[Date "2020.06.02"]
[Round "4"]
[White "51616516516"]
[Black "BJthechessgod"]
[Result "0-1"]
[WhiteElo "2368"]
[BlackElo "2077"]
[TimeControl "180+1"]
[EndTime "10:39:38 PDT"]
[Termination "BJthechessgod won on time"]

1. d4 Nf6 2. c4 e6 3. Nc3 Bb4 4. Qc2 O-O 5. Nf3 c5 6. dxc5 Bxc5 7. Bf4 Nc6 8. e3 a5 9. Be2 Re8 10. O-O e5 11. Bg5 d6 12. Nd5 Nb4 13. Nxb4 axb4 14. Rfd1 h6 15. Bh4 Bg4 16. b3 Bh5 17. Rd2 g5 18. Nxg5 hxg5 19. Bxg5 Bg6 20. Bd3 e4 21. Be2 Re5 22. h4 Kg7 23. Rad1 Qh8 24. Rxd6 Bxd6 25. Rxd6 Ne8 26. Qb2 Ra5 27. Bf4 Kh7 28.
Rd7 Re6 29. Qc2 Qc3 30. Qd1 Rxa2 31. Rd8 Ra1 0-1

[Event "*** SCC Grand Prix: Titled Tuesday Blitz"]
[Site "Chess.com"]
[Date "2020.06.02"]
[Round "4"]
[White "mishanick"]
[Black "Baby_Shak"]
[Result "1-0"]
[WhiteElo "2953"]
[BlackElo "2637"]
[TimeControl "180+1"]
[EndTime "10:39:39 PDT"]
[Termination "mishanick won by resignation"]

1. d4 d5 2. c4 Nc6 3. cxd5 Qxd5 4. e3 e5 5. Nc3 Bb4 6. a3 Bxc3+ 7. bxc3 b6 8. c4 Qd6 9. d5 Na5 10. Bd2 Nb7 11. Ne2 Nc5 12. Nc3 Bd7 13. Be2 f5 14. O-O Nf6 15. a4 a5 16. Bc1 O-O 17. Ba3 Rae8 18.
Qc2 Kh8 19. f3 f4 20. e4 Nh5 21. Nb5 Bxb5 22. cxb5 Rf6 23. Bxc5 bxc5 24. Rfc1 Rh6 25. Qxc5 Qf6 26. Qc6 Qe7 27. Qxc7 Qh4 28. Qd7 Nf6 29.
Qh3 Qg5 30. Qf5 Qh4 31. h3 Rh5 32. Qc8 Rxc8 33. Rxc8+ Ng8 34. b6 Qf6 35. Rb1 Rg5 36. b7 h5 1-0

[Event "*** SCC Grand Prix: Titled Tuesday Blitz"]
[Site "Chess.com"]
[Date "2020.06.02"]
[Round "4"]
[White "LiamPutnam2008"]
[Black "Eliwood44"]
[Result "1-0"]
[WhiteElo "2524"]
[BlackElo "2328"]
[TimeControl "180+1"]
[EndTime "10:39:39 PDT"]
[Termination "LiamPutnam2008 won by resignation"]

1. c4 e6 2. Nc3 d5 3. d4 Nf6 4. cxd5 exd5 5. Bg5 c6 6. e3 Nbd7 7. Bd3 Be7 8. Qc2 h6 9. Bh4 Nh5 10. Bxe7 Qxe7 11. Nge2 Nb6 12. O-O-O Bd7 13. Kb1 O-O-O 14. Rhe1 Kb8 15. f3 Rhe8 16. e4 g6 17. e5 Nc4 18.
Bxc4 dxc4 19. g4 Ng7 20. Ng3 h5 21. gxh5 Nxh5 22. Nce4 Nxg3 23. hxg3 Bf5 24. Qxc4 f6 25. exf6 Qxf6 26. Ka1 Bxe4 27. fxe4 Qf3 28. Qd3 Qg4 29. a3 Rf8 30. Rf1 Rxf1 31. Rxf1 Qd7 32. Rd1 Qg4 33. d5 cxd5 34. exd5 Rd6 35. Re1 Qd7 36. Rd1 a6 37. Qd4 Ka8 38. g4 Qb5 39. Rh1 Rd8 40. Rh8 Rxh8 41. Qxh8+ Ka7 42. Qd4+ Kb8 43. d6 Kc8 44. Qc3+ Qc6 45. Qh8+ Kd7 46. Qg7+ Kxd6 47. Qxg6+ Ke5 48. Qxc6 bxc6 49. Ka2 Kf4 50. Kb3 Kxg4 51. Kc4 Kf5 52. Kc5 Ke5 53. Kxc6 Kd4 54. Kb6 Kc4 55. Kxa6 Kb3 56.
Kb5 Kxb2 57. a4 1-0

[Event "*** SCC Grand Prix: Titled Tuesday Blitz"]
[Site "Chess.com"]
[Date "2020.06.02"]
[Round "4"]
[White "talaicito"]
[Black "Baronessa08"]
[Result "1-0"]
[WhiteElo "2131"]
[BlackElo "2375"]
[TimeControl "180+1"]
[EndTime "10:39:39 PDT"]
[Termination "talaicito won by resignation"]

1. d4 d5 2. Bf4 Nf6 3. Nc3 e6 4. e3 a6 5. Nf3 Bd6 6. Bd3 Bxf4 7. exf4 c5 8. dxc5 Qc7 9. O-O Nbd7 10. Ne2 Nxc5 11. Ne5 O-O 12. Nd4 Bd7 13. c3 g6 14. Re1 Nfe4 15. f3 Nxd3 16. Qxd3 Nc5 17. Qe2 Rad8 18. Rad1 Ba4 19. Rd2 Nd7 20. g4 Nxe5 21.
fxe5 Bd7 22. f4 f6 23. Qe3 fxe5 24. fxe5 Rf7 25. Rf1 Rxf1+ 26. Kxf1 Rf8+ 27. Kg2 Qc4 28. Rf2 Rxf2+ 29. Qxf2 Qxa2 30. Kg3 Qb1 31. Qf6 Qd3+ 32. Kh4 Qe3 33. Qd8+ Kg7 34. Qe7+ Kg8 35. Qxd7 Qh6+ 36. Kg3 Qe3+ 37. Nf3 h5 38. Qxe6+ Kh8 39. Qf6+ Kh7 40. Qf7+ Kh8 41. gxh5 gxh5 42. Qxh5+ Kg8 43. Qg5+ 1-0

[Event "*** SCC Grand Prix: Titled Tuesday Blitz"]
[Site "Chess.com"]
[Date "2020.06.02"]
[Round "4"]
[White "frankshar"]
[Black "GAusal"]
[Result "1-0"]
[WhiteElo "2373"]
[BlackElo "1992"]
[TimeControl "180+1"]
[EndTime "10:39:39 PDT"]
[Termination "frankshar won on time"]

1. e4 e5 2. Nf3 Nc6 3. c4 Bc5 4. Nc3 d6 5. a3 a5 6. Be2 f5 7.
d3 Nf6 8. exf5 Bxf5 9. Be3 O-O 10.
O-O Nd7 11. d4 exd4 12. Nxd4 Nxd4 13. Bxd4 Qh4 14. Bxc5 Nxc5 15. Nd5 c6 16. Ne3 Qf6 17. Nxf5 Qxf5 18. Qxd6 Rad8 19. Qg3 Rd2 20. Bg4 Qf6 21. b4 axb4 22. axb4 Ne4 23. Qe3 Rxf2 24. Bf3 Rxf1+ 25. Rxf1 Nc3 26. c5 Kh8 27. h3 Nd5 28. Qd2 Qf4 29.
Qxf4 Nxf4 30. Rd1 g6 31. Rd7 Nxh3+ 32. gxh3 Rxf3 33. Rxb7 Rxh3 34. b5 Rb3 35. bxc6 1-0

[Event "*** SCC Grand Prix: Titled Tuesday Blitz"]
[Site "Chess.com"]
[Date "2020.06.02"]
[Round "4"]
[White "DucksParadise"]
[Black "Khayala13"]
[Result "0-1"]
[WhiteElo "2047"]
[BlackElo "2271"]
[TimeControl "180+1"]
[EndTime "10:39:39 PDT"]
[Termination "Khayala13 won on time"]

1. e4 c5 2. Nf3 e6 3. d4 d5 4.
exd5 exd5 5. Bb5+ Nc6 6. O-O Bd6 7. Re1+ Ne7 8. dxc5 Bxc5 9. Be3 Bd6 10. Nd4 O-O 11. c3 a6 12. Bd3 Ne5 13. Be2 N7g6 14. Nd2 f5 15. N2f3 f4 16. Bc1 Kh8 17. Nxe5 Bxe5 18. Bf3 Qh4 19. Bxd5 f3 20. Nxf3 Rxf3 21. g3 Bxg3 0-1